 Dungeon Crawl Stone Soup version 0.23.2-1-ga50397a (webtiles) character file.

Game seed: 183018243902554776

193 troglodite the Ruffian (level 5, -2/46 HPs)
             Began as a Ghoul Monk on May 15, 2019.
             Was a Believer of Qazlal.
             Slain by a bullfrog (5 damage)
             ... in a sewer.
             The game lasted 00:10:22 (2399 turns).

troglodite the Ruffian (Ghoul Monk)                 Turns: 2399, Time: 00:10:22

Health: -2/46      AC:  9    Str: 15    XL:     5   Next: 72%
Magic:  4/4        EV:  7    Int:  5    God:    Qazlal [**....]
Gold:   153        SH:  3    Dex: 12    Spells: 4/4 levels left

rFire    . . .     SeeInvis .     - Unarmed
rCold    + . .     Gourm    .   (no shield)
rNeg     + + +     Faith    .   r - +0 chain mail
rPois    ∞         Spirit   .   w - +0 helmet
rElec    .         Reflect  .   (no cloak)
rCorr    .         Harm     .   (no gloves)
MR       .....                  (no boots)
Stlth    ..........             (no amulet)
HPRegen  0.00/turn              (no ring)
MPRegen  0.09/turn              (no ring)

@: rotting, very slow
A: rotting body, claws 1, carnivore, cold resistance 1, negative energy
resistance 3, inhibited regeneration, torment resistance, unbreathing
a: Upheaval, Renounce Religion


You were in a sewer.
You worshipped Qazlal.
Qazlal was pleased with you.
You were not hungry.

You visited 1 branch of the dungeon, and saw 3 of its levels.
You also visited: Sewer.

You collected 153 gold pieces.

Inventory:

Armour
 r - a +0 chain mail (worn)
 w - a +0 helmet (worn)
Wands
 k - a wand of polymorph (10)
 v - a wand of acid (8)
Scrolls
 a - a scroll of noise {unknown}
 e - a scroll of fog {unknown}
 f - 3 scrolls of identify {unknown}
 g - 2 scrolls of fear {unknown}
 h - a scroll of random uselessness {unknown}
 l - a scroll of amnesia {unknown}
 m - a scroll of teleportation {unknown}
 n - 2 scrolls of remove curse {unknown}
 o - a scroll of enchant weapon {unknown}
 s - a scroll of enchant armour {unknown}
Potions
 c - a potion of cancellation {unknown}
 d - a potion of haste {unknown}
 i - a potion of might {unknown}
 j - a potion of agility {unknown}
 p - a potion of ambrosia {unknown}
 q - a potion of curing {unknown}
 t - a potion of flight {unknown}
Comestibles
 b - 6 rations
 u - 5 chunks of flesh


   Skills:
 * Level 4.0 Fighting
 * Level 1.5 Armour
 * Level 3.3 Dodging
 * Level 2.8 Stealth
 * Level 5.1 Unarmed Combat
 * Level 0.8 Invocations


You had 4 spell levels left.
You didn't know any spells.
Your spell library was empty.

Dungeon Overview and Level Annotations

Branches:
Dungeon (3/15)

Altars:
Qazlal
Yredelemnul


Innate Abilities, Weirdness & Mutations

Your body is rotting away.
You thrive on raw meat.
You are immune to poison.
You have sharp fingernails.
You are carnivorous and can eat meat at any time.
Your flesh is cold resistant. (rC+)
You are immune to negative energy. (rN+++)
You do not regenerate when monsters are visible.
You are immune to unholy pain and torment.
You can survive without breathing.


Message History

You closely miss the bullfrog.
The bullfrog hits you but does no damage.
Unknown command.
You scratch the bullfrog.
The bullfrog is lightly wounded.
The bullfrog releases a deep croak.
The bullfrog hits you but does no damage.
Unknown command.
Your unstable footing causes you to fumble your attack.
The bullfrog hits you but does no damage.
You block the bullfrog's attack.
Unknown command.
You closely miss the bullfrog.
The bullfrog is lightly wounded.
The bullfrog hits you but does no damage.
Unknown command.
Your unstable footing causes you to fumble your attack.
The bullfrog hits you but does no damage.
The bullfrog hits you.
You die...

≈≈≈≈≈≈≈≈≈≈≈≈≈.#
≈≈≈≈≈≈≈≈≈≈≈≈≈.#
≈≈≈≈≈≈≈≈≈≈s≈≈.#
.≈≈≈≈≈≈%%≈≈≈..#
###≈≈≈≈≈##≈≈.##
#≈≈≈†≈##≈≈≈#
#.≈≈≈≈##≈≈≈#
#.s≈F.##≈≈.#
#.l°@○##≈≈.#
#.≈§☼.##≈≈≈#
#.≈≈≈.##.≈.#
≈≈≈.≈≈≈.###≈##
≈≈≈≈.≈≈≈.# #.#
≈≈≈≈.≈≈≈.# #.#
≈≈≈≈.≈≈≈.# #∩#
≈≈≈≈≈≈≈≈.# #.#
#∩#


You could see a bullfrog, a leopard gecko and a giant cockroach.

Vanquished Creatures
  A bullfrog (Sewer)
  5 adders
  An ooze (D:3)
  A worm (D:2)
  A dart slug (D:3)
  A leopard gecko (D:2)
  An orc (D:3)
  6 bats
  9 giant cockroaches
  6 goblins
  6 hobgoblins
  8 jackals (D:3)
  2 quokkas
  6 ball pythons
  9 frilled lizards
  4 kobolds
  A rat (D:3)
68 creatures vanquished.

Notes
Turn   | Place    | Note
-------+----------+-------------------------------------------
     0 | D:1      | troglodite the Ghoul Monk began the quest for the Orb.
     0 | D:1      | Reached XP level 1. HP: 19/19 MP: 0/0
   330 | D:1      | Reached XP level 2. HP: 26/26 MP: 1/1
  1096 | D:2      | Reached XP level 3. HP: 31/31 MP: 2/2
  1149 | D:2      | Reached skill level 4 in Unarmed Combat
  1273 | D:2      | Found a stormy altar of Qazlal.
  1280 | D:2      | Became a worshipper of Qazlal Stormbringer
  1280 | D:2      | Reached * piety under Qazlal
  1280 | D:2      | Reached ** piety under Qazlal
  1479 | D:2      | Reached XP level 4. HP: 29/38 MP: 3/3
  2007 | D:3      | Found a basalt altar of Yredelemnul.
  2147 | D:3      | Reached skill level 1 in Armour
  2256 | D:3      | Found a glowing drain.
  2288 | Sewer    | Entered a sewer
  2303 | Sewer    | Reached XP level 5. HP: 41/46 MP: 4/4
  2361 | Sewer    | Reached skill level 5 in Unarmed Combat
  2399 | Sewer    | Slain by a bullfrog

Skill      XL: |  1  2  3  4  5 |
---------------+----------------+-----
Dodging        | 3 |  3.3
Unarmed Combat | 4 5 |  5.1
Armour         | 1 |  1.5
Fighting       | 4 |  4.0
Stealth        | |  2.8
Invocations    | |  0.8

Action                   |  1- 3 |  4- 6 || total
-------------------------+-------+-------++-------
Melee: Unarmed           |    89 |   159 ||   248
       Punch             |     2 |     2 ||     4
 Stab: Sleeping          |     2 |       ||     2
  Eat: Chunk             |    10 |     9 ||    19
Armor: Robe              |     2 |       ||     2
       Ring mail         |    29 |     4 ||    33
       Chain mail        |       |    94 ||    94
Dodge: Dodged            |    60 |    61 ||   121
Block: Other             |     1 |    25 ||    26
